 Dungeon Crawl Stone Soup version 0.29-a0-378-gc08b2e8bf8 (webtiles) character file.

Game seed: 2343316876310512474

443 Majang the Slasher (level 7, -6/44 HPs)
             Began as a Kobold Gladiator on May 4, 2022.
             Mangled by Pikel
             ... wielding a +2 whip of flaming
              (7 damage)
             ... on level 4 of the Dungeon.
             The game lasted 00:09:42 (4951 turns).

Majang the Slasher (Kobold Gladiator)               Turns: 4951, Time: 00:09:42

Health: -6/44      AC:  5    Str: 12    XL:     7   Next: 23%
Magic:  7/7        EV: 15    Int:  9    God:
Gold:   299        SH:  0    Dex: 18    Spells: 6/6 levels left

rFire   . . .      SeeInvis .   a - +0 long sword
rCold   . . .      Faith    .   (no shield)
rNeg    . . .      Spirit   .   o - +0 leather armour
rPois   .          Reflect  .   c - +1 helmet
rElec   .          Harm     .   (no cloak)
rCorr   .          Rampage  .   (no gloves)
Will    .....                   (no boots)
Stlth   ++........              (no amulet)
HPRegen 0.14/turn               (no ring)
MPRegen 0.10/turn               (no ring)

@: mighty
A: small, no large weapons, nightstalker 3
a: no special abilities


You were on level 4 of the Dungeon.
You visited 1 branch of the dungeon, and saw 5 of its levels.

You collected 299 gold pieces.

Inventory:

Hand Weapons
 a - a +0 long sword (weapon)
 b - a +4 dagger
Missiles
 d - 3 throwing nets (quivered)
 e - 5 boomerangs
Armour
 c - a +1 helmet (worn)
 o - a +0 leather armour (worn)
Scrolls
 f - a scroll of blinking {unknown}
 i - a scroll of enchant armour
 j - a scroll of vulnerability
 k - 7 scrolls of identify
 l - a scroll of fear {unknown}
 m - a scroll of immolation {unknown}
 q - a scroll of brand weapon {unknown}
 s - a scroll of teleportation
Potions
 g - a potion of curing
 h - a potion of might
 n - a potion of haste {unknown}
 p - a potion of flight {unknown}
 r - 2 potions of heal wounds {unknown}
 u - 2 potions of brilliance {unknown}


   Skills:
 + Level 4.7 Fighting
 * Level 5.3 Long Blades
 - Level 2.1 Throwing
 + Level 0.4 Armour
 + Level 3.9 Dodging


You had 6 spell levels left.
You didn't know any spells.
Your spell library contained the following spells:

 Spells                   Type           Power      Damage    Failure   Level
 Sting                    Tmut/Pois      0%         1d3       45%         1
 Poisonous Vapours        Pois/Air       0%         N/A       61%         2
 Olgreb's Toxic Radiance  Pois           0%         N/A       99%         4


Dungeon Overview and Level Annotations

Branches:
Dungeon (5/15)
 Temple: D:4-7

Altars:
Uskayaw
Vehumet

Annotations:
D:3 1 runed translucent door, Crazy Yiuf
D:4 Eustachio, Pikel


Innate Abilities, Weirdness & Mutations

You are small and have problems with some larger weapons.
You are completely attuned to the shadows.


Message History

Pikel burns you.
You hit Pikel.
Pikel is moderately wounded.
Pikel misses you.
You completely miss Pikel.
Pikel is moderately wounded.
Pikel hits you with a +2 whip of flaming.
Pikel burns you.
You slash Pikel!
Pikel is heavily wounded.
Pikel hits you with a +2 whip of flaming.
Pikel burns you.
You completely miss Pikel.
Pikel is heavily wounded.
Pikel hits you with a +2 whip of flaming.
Pikel burns you. Pikel waves his whip at you.
Pikel hits you with a +2 whip of flaming.
Pikel burns you.
* * * LOW HITPOINT WARNING * * *
You hit Pikel.
Pikel is severely wounded.
Pikel hits you but does no damage.
You barely miss Pikel.
Pikel is severely wounded.
Pikel barely misses you.
You closely miss Pikel.
Pikel is severely wounded.
Pikel misses you.
You hit Pikel.
Pikel is almost dead.
Pikel cracks his whip.
Pikel hits you with a +2 whip of flaming!
* * * LOW HITPOINT WARNING * * *
Pikel burns you.
* * * LOW HITPOINT WARNING * * *
You closely miss Pikel.
Pikel is almost dead.
Pikel hits you with a +2 whip of flaming!
You die...

#.##.#.......#.......##.#
#.......####.#.......##.#
######.......#.#.......##.######
....####.#.....................#
##..####.#...#.#..........####.#
......##|......#.......#..#....#
.#..#.##########5......#..#.##.##
..#.#.# ##K###.#.........รท.
....#.###### #.@.##)#.#.......#.
#####......# #...##......#.#....
#.####.# #...####)####.##.#.
##.####.# #.>.####.####...<..
####.#..##.# #...##......#####..
#.......##[####.).##.#).......#..
#.###...#............)..#.###.#..
#.##.............[......#.###.#..
#.#.....................#........


You could see Pikel and a lemure.

Vanquished Creatures
  Sigmund (D:2)
  A crimson imp (D:4)
  A hound (D:5)
  2 orc priests (D:4)
  An orc wizard (D:4)
  An adder (D:3)
  A white imp (D:4)
  An ufetubus (D:5)
  3 worms (D:2)
  A dart slug (D:1)
  12 orcs
  9 bats
  6 endoplasms
  2 giant cockroaches
  7 goblins
  3 hobgoblins
  4 jackals (D:4)
  3 quokkas
  6 ball pythons
  15 kobolds
  7 rats
87 creatures vanquished.

Notes
Turn   | Place    | Note
-------+----------+-------------------------------------------
     0 | D:1      | Majang the Kobold Gladiator began the quest for the Orb.
     0 | D:1      | Reached XP level 1. HP: 12/12 MP: 1/1
   125 | D:1      | Reached XP level 2. HP: 18/18 MP: 2/2
   617 | D:1      | Reached skill level 3 in Long Blades
   703 | D:1      | Reached XP level 3. HP: 22/22 MP: 3/3
   881 | D:2      | Noticed Sigmund
   888 | D:2      | Killed Sigmund
   889 | D:2      | Reached skill level 4 in Long Blades
   889 | D:2      | Reached XP level 4. HP: 15/29 MP: 4/4
   889 | D:2      | Reached XP level 5. HP: 17/33 MP: 5/5
   889 | D:2      | Reached XP level 6. HP: 19/38 MP: 6/6
  1943 | D:2      | Found a faded altar of an unknown god.
  2504 | D:3      | Found a runed translucent door.
  2507 | D:3      | Noticed Crazy Yiuf
  2523 | D:3      | Found a hide-covered altar of Uskayaw.
  2774 | D:3      | Found a faded altar of an unknown god.
  2775 | D:3      | Found a radiant altar of Vehumet.
  3759 | D:4      | Reached skill level 5 in Long Blades
  3880 | D:4      | Reached XP level 7. HP: 26/44 MP: 7/7
  4599 | D:5      | Entered Level 5 of the Dungeon
  4631 | D:5      | Noticed Eustachio
  4638 | D:5      | Noticed Pikel
  4950 | D:4      | HP: 1/44 [Pikel/+2 whip of flaming (4)]
  4951 | D:4      | Mangled by Pikel

Illustrated notes

Levels and vault maps discovered:
D:1:      psy_arrival_spokes, layout_basic
D:2:      layout_basic, shapermc_ecumenical_altar_flowoftime,
          hangedman_decor_clover_reticule, uniq_sigmund
D:3:      minmay_wonky_spiral, layout_loops_ring,
          nicolae_overflow_ecumenical_swirl, mainiacjoe_overflow_tiny_flanked,
          uniq_crazy_yiuf_cottage
D:4:      layout_loops_cross, minmay_fire_ice_demons
D:5:      layout_basic, okawaru_altar_gauntlet_db,
          mainiacjoe_overflow_small_starburst, st_stairs_4,
          minmay_divided_ellipse, uniq_eustachio, uniq_pikel

Skill      XL: |  1  2  3  4  5  6 |
---------------+-------------------+-----
Long Blades    | 3 4 5 |  5.3
Fighting       | 4 |  4.7
Throwing       | |  2.1
Armour         | |  0.4
Dodging        | |  3.9

Action                   |  1- 3 |  4- 6 |  7- 9 || total
-------------------------+-------+-------+-------++-------
Melee: Long sword        |    49 |   143 |    67 ||   259
       Punch             |       |     5 |       ||     5
Throw: Throwing net      |     1 |       |       ||     1
  Use: Scroll            |       |       |     6 ||     6
       Potion            |       |       |     2 ||     2
 Stab: Sleeping          |     6 |    23 |     3 ||    32
       Held in net/web   |     1 |       |       ||     1
       Distracted        |       |       |     1 ||     1
Armor: Leather armour    |     6 |    22 |    14 ||    42
Dodge: Dodged            |    46 |   103 |    77 ||   226

Table legend: (Time is in decaauts)
 A = Elapsed time spent in this place.
 B = Non-inter-level travel time spent in this place.
 C = Inter-level travel time spent in this place.
 D = Time resting spent in this place.
 E = Time spent auto-exploring this place.
 F = Levels seen in this place.
 G = Mean time per level.
                   A        B        C        D        E       F      G
               +--------+--------+--------+--------+--------+-----+--------+
         Total |   4996 |   4788 |    208 |   1080 |   2876 |   5 |  999.2 |
       Dungeon |   4996 |   4788 |    208 |   1080 |   2876 |   5 |  999.2 |
               +--------+--------+--------+--------+--------+-----+--------+

Top non-repeatable levels by time:
     D:4: 1671 daAuts
     D:2: 1465 daAuts
     D:3: 913 daAuts
     D:1: 892 daAuts
     D:5: 54 daAuts
